Map: 16 бит РВ

Players

Murena

  • Race: Terran Terran
  • Spawn Location: 1:00

ИИ 1 (эксперт) - Winner!

  • Race: Protoss Protoss
  • Spawn Location: 7:00

VOD

Have the link to the VOD?

Description

Time

  • Played on: March 30, 2019, 1:28 p.m.
  • Length: 13:52
Show
View Real Time Build Order
Export as new Build Order

Murena Terran 

Build Orders: 1/1/1 

Get SALT Encoding   

  12  0:01  SCV  
  13  0:13  SCV  
  14  0:19  Refinery  
  14  0:28  Supply Depot  
  14  0:29  SCV  
  15  0:52  Barracks  
  15  1:01  SCV, Supply Depot  
  16  1:13  SCV  
  17  1:26  SCV  
  18  1:38  Marine  
  18  1:39  SCV  
  20  1:42  Factory  
  20  1:44  Refinery  
  20  1:52  SCV  
  21  1:56  Marine  
  22  2:04  SCV  
  23  2:15  Marine  
  23  2:17  Orbital Command  
  24  2:27  Starport  
  24  2:34  Marine  
  24  2:36  Starport  
  25  2:42  Hellion  
  27  2:45  SCV  
  28  2:52  Marine  
  29  3:00  SCV, Bunker  
  29  3:04  Starport Tech Lab  
  30  3:12  Supply Depot  
  30  3:13  SCV  
  30  3:15  Starport Tech Lab  
  31  3:35  Banshee  
  31  3:36  Banshee  
  31  3:38  SCV  
  31  3:39  Marine  
  39  3:47  Supply Depot  
  39  3:58  Barracks Tech Lab  
  39  3:59  Factory Reactor  
  39  4:11  SCV  
  39  4:14  Command Center  
  40  4:20  Banshee  
  43  4:25  Combat Shield  
  43  4:28  SCV  
  44  4:34  Marauder  
  46  4:40  Supply Depot  
  46  4:41  SCV  
  46  4:44  Cloaking Field  
  47  4:56  Supply Depot  
  47  5:02  SCV  
  47  5:04  Viking  
  47  5:06  Marauder  
  52  5:11  Medivac  
  54  5:15  SCV  
  55  5:24  Starport  
  55  5:27  Orbital Command  
  55  5:32  Marauder  
  57  5:44  Medivac  
  57  5:48  Hellion  
  57  5:49  SCV, Hellion  
  64  5:53  SCV  
  65  6:00  Bunker  
  65  6:02  Starport Reactor  
  65  6:10  Armory  
  65  6:14  Marauder  
  65  6:17  Widow Mine  
  65  6:18  Hellion  
  71  6:19  SCV  
  71  6:21  SCV  
  73  6:26  Refinery  
  73  6:29  Refinery  
  73  6:35  SCV, Supply Depot  
  73  6:36  SCV  
  73  6:37  Marauder  
  77  6:47  Supply Depot  
  77  6:48  SCV  
  77  6:50  Engineering Bay  
  78  6:59  Banshee x2  
  84  7:07  Marauder  
  86  7:11  Medivac  
  86  7:13  SCV x2  
  90  7:24  Missile Turret  
  90  7:26  SCV, Missile Turret  
  90  7:27  SCV  
  94  7:30  Marauder  
  94  7:33  Supply Depot  
  94  7:37  Engineering Bay  
  94  8:23  Concussive Shells  
Show
View Real Time Build Order
Export as new Build Order

ИИ 1 (эксперт) Protoss - Winner!

Build Orders: Zealot Archon, Colossus Rush 

Get SALT Encoding   

  12  0:00  Probe  
  13  0:13  Probe  
  14  0:20  Pylon  
  14  0:25  Probe  
  15  0:34  Probe  
  15  0:42  Probe  
  16  0:48  Assimilator  
  17  0:50  Gateway  
  17  0:52  Probe  
  18  1:00  Probe  
  18  1:01  Pylon  
  18  1:08  Probe  
  20  1:19  Probe  
  21  1:31  Probe  
  22  1:38  Zealot  
  22  1:39  Cybernetics Core  
  24  1:43  Probe  
  25  2:02  Probe  
  25  2:03  Nexus  
  26  2:10  Probe  
  27  2:16  Warp Gate  
  27  2:21  Stalker  
  29  2:24  Probe  
  30  2:32  Pylon  
  30  2:36  Probe  
  31  2:44  Gateway  
  31  2:48  Assimilator  
  31  2:50  Probe, Adept  
  34  3:03  Probe  
  34  3:05  Pylon  
  35  3:13  Adept  
  35  3:15  Probe x2  
  39  3:27  Probe  
  39  3:31  Robotics Facility  
  39  3:33  Adept  
  42  3:34  Probe  
  42  3:39  Probe  
  44  3:43  Adept  
  44  3:47  Probe  
  47  3:51  Probe  
  48  3:59  Probe  
  49  4:03  Probe  
  50  4:10  Adept  
  50  4:11  Probe x2  
  54  4:19  Probe  
  54  4:20  Adept  
  54  4:22  Pylon  
  54  4:23  Observer, Probe  
  59  4:24  Robotics Bay  
  59  4:30  Robotics Facility  
  59  4:35  Probe  
  59  4:36  Pylon  
  59  4:37  Stalker  
  62  4:41  Stalker  
  64  4:46  Probe  
  64  4:48  Probe, Pylon  
  66  5:06  Colossus  
  66  5:10  Gateway  
  66  5:18  Zealot  
  66  5:19  Pylon  
  74  5:22  Zealot  
  76  5:30  Pylon  
  76  5:33  Zealot  
  78  5:42  Zealot  
  80  5:44  Probe x2  
  80  5:46  Assimilator  
  80  5:49  Twilight Council, Stalker  
  84  5:52  Forge  
  84  5:53  Assimilator  
  84  5:54  Nexus  
  84  6:08  Probe x2  
  86  6:15  Pylon  
  86  6:17  Probe  
  86  6:18  Probe  
  86  6:25  Probe  
  88  6:29  Templar Archives  
  89  6:34  Forge  
  89  6:38  Gateway  
  89  6:51  Pylon  
  89  6:54  Warp Prism  
  89  6:55  Sentry  
  89  6:59  Stalker  
  89  7:01  Photon Cannon  
  93  7:05  Stalker  
  93  7:07  Probe x3  
  100  7:15  Assimilator  
  100  7:17  Probe, Assimilator  
  100  7:18  Stalker  
  100  7:19  Probe  
  100  7:20  Probe  
  100  7:22  High Templar  
  107  7:25  Probe  
  107  7:28  Stalker  
  107  7:29  Probe  
  110  7:32  Probe, Sentry  
  110  7:33  Photon Cannon, Probe  
  110  7:36  Protoss Ground Armor Level 1  
  114  7:37  Protoss Ground Weapons Level 1  
  114  7:42  Probe, Pylon, High Templar  
  117  7:44  Probe  
  117  7:45  Probe  
  117  7:49  Archon  
  117  7:51  Pylon  
  120  7:52  High Templar  
  120  7:54  Probe  
  120  7:57  Probe  
  120  7:58  Probe  
  125  8:01  High Templar  
  127  8:06  Probe  
  127  8:07  Archon  
  127  8:10  High Templar, Probe  
  131  8:13  Pylon  
  131  8:18  Photon Cannon  
  131  8:19  Photon Cannon  
  130  8:20  High Templar  
  130  8:22  Photon Cannon  
  130  8:24  Observer  
  133  8:27  Photon Cannon  
  133  8:28  Photon Cannon  
  133  8:29  Zealot  
  133  8:31  Zealot  
  113  8:42  Zealot  
  113  8:45  Stalker  
  113  8:46  Zealot x2  
  111  8:49  Stalker  
  111  8:52  Zealot  
  109  9:02  Photon Cannon  
  97  9:04  Sentry  
  97  9:07  Zealot  
  85  9:11  Pylon  
  85  9:12  Zealot, Nexus  
  85  9:13  Zealot  
  79  9:27  Zealot x2  
  79  9:32  Zealot, Stalker  
  79  9:36  Gateway  
  78  9:43  Stalker  
  72  9:46  Probe  
  72  9:47  Zealot  
  72  9:48  Probe, Sentry  
  72  9:52  Stalker  
  69  9:58  Probe  
  60  10:00  High Templar  
  60  10:01  Probe  
  60  10:07  High Templar  
  60  10:09  Zealot  
  60  10:10  Probe  
  60  10:13  Probe  
  65  10:15  Zealot  
  66  10:22  Probe  
  66  10:24  Probe  
  66  10:25  Probe  
  61  10:29  Zealot  
  61  10:30  Stalker  
  61  10:31  Zealot  
  61  10:32  Sentry  
  61  10:34  Nexus, Probe  
  58  10:38  Psionic Storm  
  58  10:39  Adept  
  53  10:45  Sentry  
  53  10:48  Zealot  
  53  10:49  High Templar  
  50  10:53  Stalker  
  42  10:59  High Templar  
  42  11:03  High Templar  
  35  11:08  Stalker  
  24  11:18  Zealot  
  26  11:34  Probe  
  26  11:36  Probe  
  26  11:38  High Templar  
  24  11:41  Probe  
  24  11:42  Probe  
  24  11:44  Probe  
  23  11:49  Probe  
  24  11:54  Probe  
  21  12:06  Probe  
  21  12:08  Probe  
  19  12:13  Probe  
  19  12:22  Zealot  
  21  12:26  Probe  
  21  12:27  Probe  
  20  12:34  Probe  
  20  12:39  Probe  
  19  12:46  Probe  
  19  12:47  Probe  
  18  12:51  Probe  
  18  12:58  Probe  
  17  13:00  Probe  
  19  13:09  Zealot  
  21  13:20  Probe  
  21  13:29  Probe  
  20  13:35  Zealot  
  20  13:40  Probe  
Tags
 
Composition
Zealot Archon
Matchup
ПvТ
Opening
1/1/1
Spawn Locations
Cross Positions
Add a new tag
Caveats
  • Supply blocks, unpowered buildings, or Contaminate may cause inaccurate times.
  • Supply counts are checked every 10 seconds.